 Dungeon Crawl Stone Soup version 0.30-a0-779-g7971cf19c3 (webtiles) character file.

Game seed: 13498086866464789015

4346 Dittersdorf the Blocker (level 10, -6/64 HPs)
             Began as a Gargoyle Fighter on Feb 17, 2023.
             Mangled by a two-headed ogre
             ... wielding a +0 dire flail
              (13 damage)
             ... on level 7 of the Dungeon.
             The game lasted 00:10:05 (5331 turns).

Dittersdorf the Blocker (Gargoyle Fighter)          Turns: 5331, Time: 00:10:05

Health: -6/64      AC: 23    Str: 24    XL:     10   Next: 34%
Magic:  10/10      EV:  7    Int: 15    God:
Gold:   341        SH:  8    Dex: 15    Spells: 9/9 levels left

rFire   . . .      SeeInvis +    i - +5 Force Lance {heavy, knockback}
rCold   . . .      Faith    .    c - +1 buckler
rNeg    + . .      Spirit   .    m - +1 plate armour "Teucufuj" {rCorr SInv}
rPois   ∞          Reflect  .    t - +0 helmet
rElec   +          Harm     .    (no cloak)
rCorr   +          Rampage  .    (no gloves)
Will    .....                    (no boots) Stlth
                                 (no amulet)
HPRegen 0.30/turn                j - +6 ring of dexterity
MPRegen 0.12/turn                d - +6 ring of intelligence

@: no status effects
A: sickness immunity, AC +7, negative energy resistance 1, electricity
resistance, torment resistance 1, petrification resistance
a: no special abilities


You were on level 7 of the Dungeon.
You visited 1 branch of the dungeon, and saw 7 of its levels.
You also visited: Sewer and Ossuary.

You collected 341 gold pieces.

Inventory:

Hand Weapons
 a - a +0 flail of protection
 i - the +5 Force Lance (weapon) {heavy, knockback}
   (You found it on level 4 of the Dungeon)
Missiles
 e - a curare-tipped dart (quivered)
 v - 2 throwing nets
Armour
 c - a +1 buckler (worn)
 m - the +1 plate armour "Teucufuj" (worn) {rCorr SInv}
   (You found it on level 2 of the Dungeon)

   SInv:      It lets you see invisible.
   rCorr:     It protects you from acid and corrosion.
 t - a +0 helmet (worn)
Jewellery
 d - a +6 ring of intelligence (right hand)
 j - a +6 ring of dexterity (left hand)
Wands
 o - a wand of roots (1)
 u - a wand of paralysis (5)
 w - a wand of digging (7)
Scrolls
 g - 4 scrolls of teleportation
 r - a scroll of brand weapon
Potions
 b - 2 potions of heal wounds
 f - 4 potions of brilliance
 h - a potion of might
 k - 6 potions of curing
 l - a potion of berserk rage
 n - 6 potions of flight
 p - 3 potions of magic
 q - 2 potions of ambrosia
 s - a potion of cancellation


   Skills:
 + Level 8.1 Fighting
 - Level 3.9 Maces & Flails
 + Level 5.1 Polearms
 + Level 8.2 Armour
 * Level 10.4 Shields


You had 9 spell levels left.
You didn't know any spells.
Your spell library contained the following spells:

 Spells                   Type           Power      Damage    Failure   Level
 Sting                    Tmut/Pois      0%         1d3       99%         1
 Poisonous Vapours        Pois/Air       0%         N/A       99%         2
 Iskenderun's Mystic Bla  Conj/Tloc      0%         2d3       100%        4
 Olgreb's Toxic Radiance  Pois           0%         N/A       100%        4
 Passage of Golubria      Tloc           0%         N/A       100%        4
 Borgnjor's Vile Clutch   Necr/Erth      0%         N/A       100%        5
 Dispersal                Tloc           0%         N/A       100%        6


Dungeon Overview and Level Annotations

Branches:
Dungeon (7/15)              Sewer (visited)         Ossuary (visited)
 Temple: D:4-7

Altars:
Ashenzari
Cheibriados
Dithmenos
Hepliaklqana
Kikubaaqudgha
The Shining One


Innate Abilities, Weirdness & Mutations

You are immune to sickness and miasma.
Your stone body is resilient. (AC +7)
You are immune to poison.
You resist negative energy. (rN+)
You are resistant to electric shocks. (rElec)
You are resistant to unholy torment.
You are immune to petrification.


Message History

The two-headed ogre is knocked back by the blow.
The two-headed ogre collides with the two-headed ogre!
The two-headed ogre is moderately wounded.
The two-headed ogre is almost dead. x2
The two-headed ogre hits you with a +0 giant club.
The two-headed ogre hits you but does no damage.
You are too injured to fight recklessly!
You are too injured to fight recklessly!
You hit the two-headed ogre.
You kill the two-headed ogre!
Your Armour skill increases to level 8!
Your Shields skill increases to level 10!
You have reached level 10!
You hit the two-headed ogre.
The two-headed ogre is moderately wounded.
The two-headed ogre hits you with a +0 giant club.
You block the two-headed ogre's attack.
You hit the two-headed ogre.
The two-headed ogre is knocked back by the blow.
The two-headed ogre collides with the two-headed ogre!
The two-headed ogre is lightly wounded.
The two-headed ogre is heavily wounded. x2
You block the two-headed ogre's attack. x2
You puncture the two-headed ogre!
The two-headed ogre is severely wounded.
The two-headed ogre hits you with a +0 giant club!!
* * * LOW HITPOINT WARNING * * *
The two-headed ogre closely misses you.
You puncture the two-headed ogre!
The two-headed ogre is almost dead.
You block the two-headed ogre's attack. The two-headed ogre barely misses you.
You puncture the two-headed ogre!
You kill the two-headed ogre!
Your Fighting skill increases to level 8!
Your Polearms skill increases to level 5!
You puncture the two-headed ogre!
The two-headed ogre is lightly wounded.
The two-headed ogre hits you but does no damage.
The two-headed ogre hits you with a +0 giant club!
You die...

#># #.# ..)(. #.#
#.# .... #.# #.#
..#. #.### #.# #.(
##...#####.# #..
#.......##.# #.#
#.#####.#.<# #o#
##.#####....## #O#
...#...#.....###@#
##............##.#
#...............#
#............####
###...#.....##
######...## ##.##
###


You could see a two-headed ogre and an orc.

Vanquished Creatures
  2 two-headed ogres (D:7)
  A gargoyle (D:7)
  Grinder (D:5)
  Sigmund (D:3)
  An ice beast (D:5)
  A sky beast (D:6)
  A black bear (D:5)
  An ogre (D:6)
  4 phantoms
  2 kobold brigands
  3 elf zombies (Ossuary)
  2 bullfrogs
  2 scorpions
  A gnoll sergeant (D:5)
  7 wights
  2 howler monkeys (D:6)
  A centaur zombie (Ossuary)
  6 hounds
  2 jellies (D:5)
  3 human zombies (Ossuary)
  An orc priest (D:6)
  A gnoll bouda (D:6)
  An iguana (D:5)
  An orc wizard (D:6)
  2 mummies (Ossuary)
  9 gnolls
  7 adders
  3 river rats
  A shadow imp (D:5)
  2 adder zombies (Ossuary)
  2 worms
  3 dart slugs
  16 orcs
  6 endoplasms
  3 giant cockroaches
  11 goblins
  4 hobgoblins
  A jackal (Sewer)
  13 kobolds
  3 quokkas
  6 ball pythons
  6 bats
  3 frilled lizards
  A goblin zombie (Ossuary)
  9 hobgoblin zombies (Ossuary)
  12 kobold zombies (Ossuary)
  4 orc zombies (Ossuary)
  7 rats
  2 rat zombies (Ossuary)
184 creatures vanquished.

Notes
Turn   | Place    | Note
-------+----------+-------------------------------------------
     0 | D:1      | Dittersdorf the Gargoyle Fighter began the quest for the
                  | Orb.
     0 | D:1      | Reached XP level 1. HP: 14/14 MP: 1/1
   143 | D:1      | Reached XP level 2. HP: 19/19 MP: 2/2
   149 | D:1      | Found a faded altar of an unknown god.
   214 | D:1      | Got the Parchment of Warped Skeletons
   811 | D:2      | Reached XP level 3. HP: 23/23 MP: 3/3
  1022 | D:2      | Identified the +1 plate armour "Teucufuj" {rCorr SInv}
  1332 | D:2      | Reached XP level 4. HP: 28/29 MP: 4/4
  1525 | D:3      | Noticed Sigmund
  1555 | D:3      | Killed Sigmund
  1556 | D:3      | Reached skill level 4 in Shields
  1556 | D:3      | Reached XP level 5. HP: 17/34 MP: 5/5
  1608 | D:3      | Found a snail-covered altar of Cheibriados.
  1645 | D:3      | Reached XP level 6. HP: 37/39 MP: 6/6
  1734 | D:3      | Found a glowing drain.
  1744 | Sewer    | Entered a sewer
  1857 | Sewer    | Found a white marble altar of Elyvilon.
  1943 | D:3      | Identified the +1 leather armour "Wusaaj" {rElec MP+9
                  | Str+3}
  1984 | D:3      | Found a shadowy altar of Dithmenos.
  2308 | D:4      | Found the +5 Force Lance {heavy, knockback}
  2338 | D:4      | Reached skill level 5 in Fighting
  2338 | D:4      | Reached skill level 5 in Armour
  2338 | D:4      | Reached skill level 5 in Shields
  2338 | D:4      | Reached XP level 7. HP: 40/44 MP: 7/7
  2411 | D:4      | Found a sand-covered staircase.
  2418 | Ossuary  | Entered an ossuary
  2518 | Ossuary  | Reached skill level 1 in Polearms
  2612 | Ossuary  | Reached skill level 6 in Shields
  2905 | D:4      | Reached XP level 8. HP: 50/50 MP: 8/8
  3320 | D:5      | Entered Level 5 of the Dungeon
  3349 | D:5      | Noticed Grinder
  3367 | D:5      | Killed Grinder
  3368 | D:5      | Reached skill level 7 in Shields
  3442 | D:6      | Found an ancient bone altar of Kikubaaqudgha.
  3445 | D:6      | Found a hazy altar of Hepliaklqana.
  3674 | D:5      | Identified the +2 robe "Vuawn" {-Tele rElec Int+3 Dex+4}
  3694 | D:5      | Reached XP level 9. HP: 56/56 MP: 9/9
  3759 | D:5      | Reached skill level 8 in Shields
  4572 | D:6      | Reached skill level 9 in Shields
  5144 | D:6      | Found a glowing golden altar of the Shining One.
  5249 | D:7      | Found a broken altar of Ashenzari.
  5308 | D:7      | Noticed a gargoyle
  5310 | D:7      | Noticed a two-headed ogre
  5312 | D:7      | Noticed a two-headed ogre
  5313 | D:7      | Noticed a two-headed ogre
  5314 | D:7      | Found the +6 shillelagh "Devastator" {shatter}
  5319 | D:7      | Killed a gargoyle
  5325 | D:7      | Killed a two-headed ogre
  5326 | D:7      | Reached skill level 10 in Shields
  5326 | D:7      | Reached XP level 10. HP: 30/64 MP: 10/10
  5330 | D:7      | Killed a two-headed ogre
  5331 | D:7      | Reached skill level 5 in Polearms
  5331 | D:7      | Mangled by a two-headed ogre

Illustrated notes

Levels and vault maps discovered:
D:1:      dpeg_arrival_connections, layout_loops_ring,
          hellmonk_ecumenical_altar_blasted
D:2:      layout_basic
D:3:      layout_rooms, overflow_temple_1_default, lemuel_crystal_altar,
          cheibrodos_sewer_entry_sluice, supply_closet_lemuel, uniq_sigmund
D:4:      layout_loops_cross, chequers_ossuary_entry_cave,
          minmay_close_crescents
D:5:      layout_loops_ring, uniq_grinder
D:6:      layout_loops_corners, mainiacjoe_overflow_catwalk_spiral,
          nicolae_tso_swordbearing_angel, nicolae_titane
D:7:      layout_loops_ring, evilmike_ruin_ashenzari, temple_doors_e,
          ebering_ghost_rock_garden, enter_bailey_3,
          dilly_guarded_unrand_devastator

Skill      XL: |  1  2  3  4  5  6  7  8  9 10 |
---------------+-------------------------------+-----
Fighting       | 4 5 6 7 8 |  8.1
Maces & Flails | 3 |  3.9
Armour         | 4 5 6 8 |  8.2
Shields        | 4 5 6 7 10 | 10.4
Polearms       | 1 3 4 5 |  5.1

Action                     |  1- 3 |  4- 6 |  7- 9 | 10-12 || total
---------------------------+-------+-------+-------+-------++-------
  Melee: Flail             |   111 |   145 |     3 |       ||   259
         Lance             |       |       |   284 |     6 ||   290
    Use: Scroll            |       |     6 |    11 |       ||    17
         Potion            |       |     1 |       |       ||     1
 Armour: Scale mail        |    37 |       |       |       ||    37
         Plate armour      |    40 |   120 |   132 |     1 ||   293
  Dodge: Dodged            |    45 |    51 |    32 |     2 ||   130
  Block: Buckler           |    24 |    52 |    55 |     4 ||   135

Table legend: (Time is in decaauts)
 A = Elapsed time spent in this place.
 B = Non-inter-level travel time spent in this place.
 C = Inter-level travel time spent in this place.
 D = Time resting spent in this place.
 E = Time spent auto-exploring this place.
 F = Levels seen in this place.
 G = Mean time per level.
                   A        B        C        D        E       F      G
               +--------+--------+--------+--------+--------+-----+--------+
         Total |   5563 |   5286 |    277 |     47 |   3587 |   9 |  618.1 |
       Dungeon |   5033 |   4756 |    277 |     47 |   3342 |   7 |  719.0 |
         Sewer |    187 |    187 |      0 |      0 |    115 |   1 |  187.0 |
       Ossuary |    342 |    342 |      0 |      0 |    130 |   1 |  342.0 |
               +--------+--------+--------+--------+--------+-----+--------+

Top non-repeatable levels by time:
     D:6: 1146 daAuts
     D:1: 831 daAuts
     D:5: 793 daAuts
     D:4: 743 daAuts
     D:2: 725 daAuts
     D:3: 664 daAuts
 Ossuary: 342 daAuts
   Sewer: 187 daAuts
     D:7: 129 daAuts
